 Dungeon Crawl Stone Soup version 0.29-a0-362-g5854e031c7 (webtiles) character file.

Game seed: 14793931347242003153

173 sammy202020 the Skirmisher (level 5, -4/42 HPs)
             Began as a Demonspawn Berserker on Apr 30, 2022.
             Was a Believer of Trog.
             Slain by Duvessa
             ... wielding a +0 short sword
              (9 damage)
             ... on level 4 of the Dungeon.
             The game lasted 00:03:32 (2194 turns).

sammy202020 the Skirmisher (Demonspawn Berserker)   Turns: 2194, Time: 00:03:33

Health: -4/42      AC: 13    Str: 18    XL:     5   Next: 28%
Magic:  5/5        EV:  8    Int: 10    God:    Trog [**....]
Gold:   181        SH:  0    Dex: 12    Spells: 4/4 levels left

rFire   . . .      SeeInvis .   a - +0 hand axe
rCold   . . .      Faith    .   (no shield)
rNeg    . . .      Spirit   .   q - +0 chain mail
rPois   .          Reflect  .   (helmet restricted)
rElec   .          Harm     .   e - +0 cloak
rCorr   .          Rampage  .   k - +1 pair of gloves
Will    .....                   (no boots)
Stlth   ..........              (no amulet)
HPRegen 0.14/turn               (no ring)
MPRegen 0.09/turn               (no ring)

@: on berserk cooldown, slowed, very slow
A: antennae 1, ignite blood 1, sharp scales 1
a: Renounce Religion, Berserk, Trog's Hand


You were on level 4 of the Dungeon.
You worshipped Trog.
Trog was pleased with you.
You visited 1 branch of the dungeon, and saw 4 of its levels.

You collected 181 gold pieces.

Inventory:

Hand Weapons
 a - a +0 hand axe (weapon)
 r - a +0 flail
Armour
 e - a +0 cloak (worn)
 k - a +1 pair of gloves (worn)
 q - a +0 chain mail (worn)
Jewellery
 m - an amulet of faith
Scrolls
 b - a scroll of holy word {unknown}
 c - 4 scrolls of immolation {unknown}
 d - a scroll of enchant weapon {unknown}
 g - a scroll of acquirement {unknown}
 h - 2 scrolls of magic mapping {unknown}
 j - 2 scrolls of teleportation {unknown}
 l - a scroll of amnesia {unknown}
 n - 2 scrolls of identify {unknown}
 o - a scroll of enchant armour {unknown}
 p - a scroll of brand weapon {unknown}
Potions
 f - 3 potions of attraction {unknown}
 i - 3 potions of heal wounds {unknown}


   Skills:
 * Level 4.2 Fighting
 * Level 3.8 Axes
 + Level 2.5 Armour
 + Level 2.5 Dodging


You had 4 spell levels left.
You didn't know any spells.
Your spell library was empty.

Dungeon Overview and Level Annotations

Branches:
Dungeon (4/15)
 Temple: D:4-7

Altars:
Elyvilon

Annotations:
D:4 Duvessa


Innate Abilities, Weirdness & Mutations

You have a pair of small antennae on your head.
Your demonic aura sometimes causes spilled blood to erupt in flames.
You are partially covered in razor-sharp scales. (AC +1, Slay +1)


Message History

Dowan hits you but does no damage.
You barely miss Duvessa.
Duvessa is moderately wounded.
You hit Dowan.
You kill Dowan!
Trog accepts your kill.
Trog appreciates your killing of a magic user.
Duvessa weeps, and shakes her weapon.
Duvessa goes berserk!
Duvessa hits you with a +0 short sword.
You have reached level 5!
You slash Duvessa!
Duvessa is heavily wounded.
Duvessa barely misses you. Duvessa hits you but does no damage.
You hit Duvessa.
Duvessa is heavily wounded.
Duvessa closely misses you.
You hit Duvessa but do no damage.
Duvessa is heavily wounded.
Duvessa hits you with a +0 short sword!
You closely miss Duvessa.
Duvessa is heavily wounded.
Duvessa hits you with a +0 short sword!
* * * LOW HITPOINT WARNING * * *
You hit Duvessa.
Duvessa is heavily wounded.
Duvessa closely misses you. Duvessa hits you but does no damage.
You hit Duvessa but do no damage.
Duvessa is heavily wounded.
Duvessa completely misses you.
Unknown command.
You hit Duvessa.
Duvessa is severely wounded.
Duvessa hits you with a +0 short sword!
* * * LOW HITPOINT WARNING * * *
You hit Duvessa.
Duvessa is severely wounded.
You are no longer berserk.
You are exhausted.
You feel yourself slow down. Duvessa hits you with a +0 short sword!
You die...

#...........
...............
..............#
.......... ....
.........##..
...........##
#......)....###.#
#.##.....)......
#.$...<.@e......
#...............
.................
#..........#.....
##...#..##.......
?..###.## .....##
..# #. ......# ..
#. ......#


You could see Duvessa (berserk, fast).

Vanquished Creatures
  Dowan (D:4)
  Natasha (twice) (D:3)
  3 adders
  A worm (D:3)
  A dart slug (D:3)
  An orc (D:3)
  2 ball pythons
  4 endoplasms
  4 giant cockroaches
  A goblin (D:1)
  A hobgoblin (D:2)
  7 jackals
  A quokka (D:3)
  4 bats
  4 frilled lizards
  6 kobolds
  3 rats
46 creatures vanquished.

Vanquished Creatures (others)
  2 fungi (D:2)
  2 plants (D:2)
4 creatures vanquished.

Grand Total: 50 creatures vanquished

Notes
Turn   | Place    | Note
-------+----------+-------------------------------------------
     0 | D:1      | sammy202020 the Demonspawn Berserker began the quest for
                  | the Orb.
     0 | D:1      | Reached XP level 1. HP: 18/18 MP: 1/1
   286 | D:1      | Gained mutation: Your demonic aura sometimes causes spilled
                  | blood to erupt in flames. [demonic ancestry]
   286 | D:1      | Reached XP level 2. HP: 20/24 MP: 2/2
   689 | D:2      | Gained mutation: You have a pair of small antennae on your
                  | head. [demonic ancestry]
   689 | D:2      | Reached XP level 3. HP: 18/29 MP: 3/3
   878 | D:2      | Reached ** piety under Trog
   891 | D:2      | Found a faded altar of an unknown god.
  1539 | D:3      | Noticed Natasha
  1552 | D:3      | Killed Natasha
  1553 | D:3      | Gained mutation: You are partially covered in razor-sharp
                  | scales. (AC +1, Slay +1) [demonic ancestry]
  1553 | D:3      | Reached XP level 4. HP: 18/37 MP: 4/4
  1963 | D:3      | Noticed Natasha
  1976 | D:3      | Killed Natasha
  1977 | D:3      | Reached skill level 4 in Fighting
  2173 | D:4      | Noticed Duvessa
  2173 | D:4      | Noticed Dowan
  2186 | D:4      | Killed Dowan
  2187 | D:4      | Reached XP level 5. HP: 30/42 MP: 5/5
  2194 | D:4      | Slain by Duvessa

Illustrated notes

Levels and vault maps discovered:
D:1:      psy_arrival_conway, layout_basic, hangedman_decor_push
D:2:      layout_rooms, basic_altar, shapermc_ecumenical_altar_acropolis
D:3:      layout_basic, uniq_natasha
D:4:      layout_cave_pools, uniq_duvessa

Skill      XL: |  1  2  3  4 |
---------------+-------------+-----
Armour         | 2 |  2.5
Axes           | 3 |  3.8
Dodging        | 2 |  2.5
Fighting       | 4 |  4.2

Action                   |  1- 3 |  4- 6 || total
-------------------------+-------+-------++-------
Melee: Hand axe          |   104 |    40 ||   144
Invok: Berserk           |     1 |     1 ||     2
Armor: Animal skin       |    30 |       ||    30
       Chain mail        |    21 |    23 ||    44
Dodge: Dodged            |    83 |    12 ||    95

Table legend: (Time is in decaauts)
 A = Elapsed time spent in this place.
 B = Non-inter-level travel time spent in this place.
 C = Inter-level travel time spent in this place.
 D = Time resting spent in this place.
 E = Time spent auto-exploring this place.
 F = Levels seen in this place.
 G = Mean time per level.
                   A        B        C        D        E       F      G
               +--------+--------+--------+--------+--------+-----+--------+
         Total |   2252 |   2172 |     80 |    164 |   1549 |   4 |  563.0 |
       Dungeon |   2252 |   2172 |     80 |    164 |   1549 |   4 |  563.0 |
               +--------+--------+--------+--------+--------+-----+--------+

Top non-repeatable levels by time:
     D:3: 1006 daAuts
     D:1: 642 daAuts
     D:2: 583 daAuts
     D:4: 20 daAuts
